 Dungeon Crawl Stone Soup version 0.26-a0-652-gafc20e3620 (webtiles) character file.

Game seed: 10256949960135597356

877 Kraken2834 the Chopper (level 7, 0/67 HPs)
             Began as a Deep Dwarf Fighter on Oct 1, 2020.
             Killed by nerve-wracking pain
             ... invoked by an orc priest
              (10 damage)
             ... on level 4 of the Dungeon.
             The game lasted 00:16:03 (2304 turns).

Kraken2834 the Chopper (Deep Dwarf Fighter)         Turns: 2304, Time: 00:16:09

Health: 0/67       AC:  7    Str: 22    XL:     7   Next: 75%
Magic:  5/5        EV:  9    Int:  8    God:
Gold:   174        SH:  0    Dex: 12    Spells: 4/6 levels left

rFire    . . .     SeeInvis .   d - +5 quarterstaff (chaos)
rCold    . . .     Faith    .   (shield currently unavailable)
rNeg     . . .     Spirit   .   b - +0 scale mail
rPois    .         Reflect  .   (no helmet)
rElec    .         Harm     .   (no cloak)
rCorr    +         Rampage  .   (no gloves)
MR       +....                  f - +0 pair of boots
Stlth    ..........             g - amulet of the acrobat
HPRegen  0.00/turn              m - ring of resist corrosion
MPRegen  0.09/turn              (no ring)

@: non-regenerating, lightly drained
A: damage resistance, heal wounds, sense surroundings 1, no regeneration
a: Heal Wounds


You were on level 4 of the Dungeon.
You visited 1 branch of the dungeon, and saw 4 of its levels.

You collected 174 gold pieces.

Inventory:

Hand Weapons
 a - a +0 war axe
 d - a +5 quarterstaff of chaos (weapon)
Armour
 b - a +0 scale mail (worn)
 c - a +0 kite shield
 f - a +0 pair of boots (worn)
Jewellery
 e - an uncursed ring of teleportation
 g - an amulet of the acrobat (around neck)
 m - a ring of resist corrosion (left hand)
Scrolls
 h - 5 scrolls of identify
 j - 2 scrolls of magic mapping
 l - 2 scrolls of amnesia
 n - a scroll of remove curse
 p - a scroll of blinking
 q - a scroll of enchant armour {unknown}
Potions
 i - 2 potions of brilliance
 k - 2 potions of flight
 o - a potion of curing


   Skills:
 * Level 5.1(4.5) Fighting
 - Level 5.6(5.1) Axes
 * Level 4.6(4.1) Staves
 - Level 3.5(3.0) Armour
 + Level 0.2(0.0) Stealth
 + Level 3.6(3.1) Shields


You had 4 spell levels left.
You knew the following spells:

 Your Spells              Type           Power        Failure   Level
a - Blink                 Tloc           N/A          86%         2

Your spell library contained the following spells:

 Spells                   Type           Power        Failure   Level
 Magic Dart               Conj           #...         75%         1
 Call Imp                 Summ           #.......     86%         2
 Slow                     Hex            #.......     86%         2
 Conjure Flame            Conj/Fire      #.......     98%         3
 Mephitic Cloud           Conj/Pois/Air  #.......     98%         3


Dungeon Overview and Level Annotations

Branches:
Dungeon (4/15)
 Temple: D:4-7

Altars:
Cheibriados


Innate Abilities, Weirdness & Mutations

You are resistant to damage.
You can heal yourself by infusing magical energy.
You passively map a small area around you.
You do not regenerate.


Message History

The worker ant bites you but does no damage.
The orc priest miscasts a cantrip.
The worker ant closely misses you.
You barely miss the worker ant.
The worker ant is heavily wounded.
The orc priest begins to cast a cantrip, but forgets the words!
The worker ant bites you but does no damage.
The orc priest looks braver for a moment.
You barely miss the worker ant.
The worker ant is heavily wounded.
The worker ant bites you but does no damage.
You sock the worker ant!
You kill the worker ant!
You closely miss the orc priest.
The orc priest mumbles some strange prayers to Beogh against you.
Beogh smites you!
* * * LOW HITPOINT WARNING * * *
The orc priest invokes the aid of Beogh against you.
Pain shoots through your body!
You die...

, , * #.. * , #(. * ,
, , ..# .........#* *,
, .....> ....* . , ,
!..... ..#.## * , ..
...#..##.#.(# *, .# *
,*.....#.##@# .Z. , ,
* #.....##o###.#
#...#..ooZ...#
###.......o.†..#*
##### *
.#..........#...# ,,
#.... *
.........#......#####
#####
,........###.......≈≈≈
,
.......†..........≈#≈
.......#####....#.≈≈≈≈
≈


You could see 3 orc priests, an orc and an adder skeleton.

Vanquished Creatures
  Sigmund (D:2)
  5 wights (D:4)
  A howler monkey (D:4)
  A hound (D:4)
  3 orc priests
  Crazy Yiuf (D:2)
  3 orc wizards (D:3)
  2 worker ants (D:4)
  Robin (D:2)
  4 gnolls
  4 adders
  5 worms
  4 dart slugs
  3 leopard geckos
  8 orcs
  4 giant cockroaches
  13 goblins
  8 hobgoblins
  8 jackals
  A quokka (D:3)
  11 bats
  3 frilled lizards
  10 kobolds
  9 rats
113 creatures vanquished.

Notes
Turn   | Place    | Note
-------+----------+-------------------------------------------
     0 | D:1      | Kraken2834 the Deep Dwarf Fighter began the quest for the
                  | Orb.
     0 | D:1      | Reached XP level 1. HP: 20/20 MP: 1/1
    66 | D:1      | Reached XP level 2. HP: 24/27 MP: 2/2
   701 | D:2      | Found a snail-covered altar of Cheibriados.
   705 | D:2      | Reached XP level 3. HP: 25/34 MP: 3/3
   795 | D:2      | Reached XP level 4. HP: 35/42 MP: 3/3
   865 | D:2      | Noticed Sigmund
   901 | D:2      | Killed Sigmund
   901 | D:2      | Reached skill level 5 in Axes
   901 | D:2      | Reached XP level 5. HP: 24/50 MP: 3/3
  1224 | D:2      | Noticed Robin
  1227 | D:2      | Killed Robin
  1272 | D:2      | Found a runed translucent door.
  1273 | D:2      | Noticed Crazy Yiuf
  1283 | D:2      | Killed Crazy Yiuf
  1283 | D:2      | Reached XP level 6. HP: 19/57 MP: 4/4
  1585 | D:3      | Reached skill level 1 in Staves
  1861 | D:3      | Learned a level 2 spell: Blink
  2088 | D:4      | Reached XP level 7. HP: 36/66 MP: 5/5
  2165 | D:4      | Reached skill level 5 in Fighting
  2304 | D:4      | Killed from afar by an orc priest

Illustrated notes

Levels and vault maps discovered:
D:1:      minmay_arrival_solitary_statue, layout_basic
D:2:      layout_loops_ring, kennysheep_slug_shrine, uniq_crazy_yiuf_cottage,
          uniq_sigmund, uniq_robin
D:3:      kennysheep_six_static_rooms, layout_basic
D:4:      layout_rooms, temple_hall_moat, nicolae_ossuary_entry_ruins

Skill      XL: |  1  2  3  4  5  6  7 |
---------------+----------------------+-----
Fighting       | 3 4 5 |  5.1
Axes           | 3 5 |  5.6
Staves         | 2 4 |  4.6
Armour         | |  3.5
Stealth        | |  0.2
Shields        | |  3.6

Action                   |  1- 3 |  4- 6 |  7- 9 || total
-------------------------+-------+-------+-------++-------
Melee: War axe           |    77 |    94 |       ||   171
       Quarterstaff      |       |    98 |    47 ||   145
 Abil: Heal Wounds       |     2 |     5 |     1 ||     8
  Use: Scroll            |     4 |     5 |       ||     9
       Potion            |     2 |     7 |     1 ||    10
 Stab: Paralysed         |       |       |     1 ||     1
Armor: Scale mail        |    22 |    65 |    20 ||   107
Dodge: Dodged            |    21 |    62 |    28 ||   111
Block: Kite shield       |    46 |    30 |       ||    76

Table legend: (Time is in decaauts)
 A = Elapsed time spent in this place.
 B = Non-inter-level travel time spent in this place.
 C = Inter-level travel time spent in this place.
 D = Time resting spent in this place.
 E = Time spent auto-exploring this place.
 F = Levels seen in this place.
 G = Mean time per level.
                   A        B        C        D        E       F      G
               +--------+--------+--------+--------+--------+-----+--------+
         Total |   2390 |   2331 |     59 |     48 |   1351 |   4 |  597.5 |
       Dungeon |   2390 |   2331 |     59 |     48 |   1351 |   4 |  597.5 |
               +--------+--------+--------+--------+--------+-----+--------+

Top non-repeatable levels by time:
     D:2: 830 daAuts
     D:1: 730 daAuts
     D:3: 589 daAuts
     D:4: 239 daAuts
